 Dungeon Crawl Stone Soup version 0.29.1-15-g9cfb28693d (webtiles) character file.

Game seed: 9144686062173080020

223 growler the Insei (level 6, 0/43 HPs)
             Began as a Merfolk Transmuter on Apr 2, 2023.
             Slain by an orc
             ... wielding a +0 whip
              (2 damage)
             ... on level 3 of the Dungeon.
             The game lasted 00:11:54 (4093 turns).

growler the Insei (Merfolk Transmuter)              Turns: 4093, Time: 00:11:55

Health: 0/43       AC:  2    Str: 11    XL:     6   Next: 0%
Magic:  10/10      EV: 12    Int: 14    God:
Gold:   139        SH:  0    Dex: 14    Spells: 1/11 levels left

rFire   . . .      SeeInvis .     - Unarmed
rCold   . . .      Faith    .   (no shield)
rNeg    . . .      Spirit   .   a - +0 robe
rPois   .          Reflect  .   (helmet currently unavailable)
rElec   .          Harm     .   (no cloak)
rCorr   .          Rampage  .   (no gloves)
Will    .....                   (boots currently unavailable)
Stlth   +.........              (no amulet)
HPRegen 0.14/turn               (no ring)
MPRegen 0.12/turn               (no ring)

@: lethally poisoned (0 -> -3), appendages, wereblooded, attractive
A: horns 2, (nimble swimmer 2), mertail
a: End Transformation


You were on level 3 of the Dungeon.
You had temporarily grown beastly horns.
You visited 1 branch of the dungeon, and saw 3 of its levels.

You collected 139 gold pieces.

Inventory:

Missiles
 n - 2 throwing nets
Armour
 a - a +0 robe (worn)
 m - a +0 helmet
 p - the +1 robe of Altruism {Rampage}
   (You found it on level 3 of the Dungeon)

   Rampage:   It bestows one free step when moving towards enemies.
Jewellery
 k - a ring of wizardry
 o - a +6 ring of strength
Scrolls
 b - a scroll of enchant weapon {unknown}
 c - a scroll of vulnerability {unknown}
 d - 5 scrolls of identify {unknown}
 f - 2 scrolls of amnesia {unknown}
 g - 2 scrolls of magic mapping {unknown}
 h - a scroll of torment {unknown}
 l - 2 scrolls of acquirement {unknown}
 q - a scroll of summoning {unknown}
Potions
 e - a potion of attraction
 i - a potion of curing {unknown}
 j - a potion of magic


   Skills:
 - Level 1.1 Fighting
 - Level 2.6 Dodging
 + Level 6.0 Unarmed Combat
 - Level 3.0 Spellcasting
 - Level 4.0 Transmutations


You had one spell level left.
You knew the following spells:

 Your Spells              Type           Power      Damage    Failure   Level
a - Beastly Appendage     Tmut           26%        N/A       4%          1
b - Wereblood             Tmut           13%        N/A       6%          2
c - Spider Form           Tmut/Pois      7%         N/A       28%         3
d - Ice Form              Ice/Tmut       7%         N/A       67%         4

Your spell library contained the following spells:

 Spells                   Type           Power      Damage    Failure   Level
 Tukima's Dance           Hex            2%         N/A       54%         3
 Passage of Golubria      Tloc           2%         N/A       91%         4
 Yara's Violent Unravell  Hex/Tmut       3%         3d4       95%         5


Dungeon Overview and Level Annotations

Branches:
Dungeon (3/15)

Altars:


Innate Abilities, Weirdness & Mutations

You have temporarily grown beastly horns.
((You are very nimble when in or above water. (Stealth+, EV+, Speed+++)))
Your lower body shifts to a powerful aquatic tail in water.


Message History

The orc priest is moderately wounded.
The adder bites you.
You are poisoned.
The adder poisons you! The orc priest hits you with a +0 club.
The adder barely misses you.
You hit the orc priest.
The orc priest is moderately wounded.
You feel sick. The orc priest barely misses you. The adder closely misses you.
You barely miss the orc priest. You headbutt the orc priest.
The orc priest is heavily wounded.
You feel sick. The adder bites you but does no damage.
The orc priest hits you with a +0 club.
You hit the orc priest.
The orc priest is heavily wounded.
You feel sick. The adder bites you.
You are more poisoned.
The adder poisons you!
The orc priest mumbles some strange prayers to Beogh against you.
Beogh smites you!
You hear a shout!
Okay, then.
You hit the orc priest.
The orc priest is almost dead.
You feel sick. The adder closely misses you.
The orc priest calls down the wrath of Beogh upon you.
Beogh smites you!
* * * LOW HITPOINT WARNING * * *
Your magical contamination has completely faded away.
It was a potion of magic.
Magic courses through your body.
* * * LOW HITPOINT WARNING * * *
You feel sick. The adder barely misses you. The orc barely misses you.
The adder closely misses you.
The orc priest hits you but does no damage.
Unknown command.
It was a potion of attraction.
You feel attractive to monsters.
* * * LOW HITPOINT WARNING * * *
You feel sick. The adder bites you but does no damage.
The orc hits you with a +0 whip.
You die...

. .S#.######
oo.......##
#o.##...######
#....o.......#
#.#
#.###S..####.#
..#
#..o@o....##.#
####
######.##.##.##
..##
#.##.#...####
...#
#......†....#
##..####
#..#.#)..##.#
.......
...#.##.###.#
##..# #..#
#.###.# ....##
#..#.##.....#
.....#####.#
#..#......#.#


You could see an orc priest, an adder and 2 orcs.

Vanquished Creatures
  Jessica (D:3)
  Robin (D:3)
  7 gnolls
  3 adders (D:2)
  2 dart slugs
  3 ball pythons
  3 bats
  8 endoplasms
  3 giant cockroaches
  19 goblins
  12 hobgoblins
  3 jackals (D:1)
  4 kobolds
  3 quokkas
  7 frilled lizards
  4 rats
83 creatures vanquished.

Notes
Turn   | Place    | Note
-------+----------+-------------------------------------------
     0 | D:1      | growler the Merfolk Transmuter began the quest for the Orb.
     0 | D:1      | Reached XP level 1. HP: 15/15 MP: 3/3
   701 | D:1      | Reached XP level 2. HP: 16/21 MP: 3/5
   704 | D:1      | Learned a level 2 spell: Wereblood
  1032 | D:1      | Reached XP level 3. HP: 26/26 MP: 3/6
  1539 | D:2      | You fall into a shaft and drop 1 floor!
  1636 | D:3      | Noticed Jessica
  1640 | D:3      | Killed Jessica
  1641 | D:3      | Reached skill level 4 in Unarmed Combat
  1641 | D:3      | Reached XP level 4. HP: 29/32 MP: 5/8
  2018 | D:2      | Learned a level 3 spell: Spider Form
  2065 | D:2      | Found a faded altar of an unknown god.
  2542 | D:2      | Reached XP level 5. HP: 26/37 MP: 1/9
  2547 | D:2      | Reached skill level 5 in Unarmed Combat
  3253 | D:2      | Learned a level 4 spell: Ice Form
  3259 | D:3      | Noticed Robin
  3282 | D:3      | Killed Robin
  3835 | D:3      | Reached skill level 6 in Unarmed Combat
  4017 | D:3      | Reached XP level 6. HP: 36/43 MP: 8/10
  4019 | D:3      | Identified the +1 robe of Altruism {Rampage}
  4093 | D:3      | HP: 2/43 [poisoned by an adder]
  4093 | D:3      | Slain by an orc

Illustrated notes

Levels and vault maps discovered:
D:1:      dpeg_arrival_circle_labyrinth_c, layout_basic, minmay_misc_feat_tiny
D:2:      layout_rooms, hellmonk_ecumenical_altar_arch_garden
D:3:      layout_loops_ring, minmay_goblin_outpost, uniq_jessica, uniq_robin

Skill      XL: |  1  2  3  4  5 |
---------------+----------------+-----
Transmutations | 3 4 |  4.0
Unarmed Combat | 4 6 |  6.0
Spellcasting   | 3 |  3.0
Fighting       | |  1.1
Dodging        | |  2.6

Action                   |  1- 3 |  4- 6 || total
-------------------------+-------+-------++-------
Melee: Unarmed           |    66 |   159 ||   225
       Headbutt          |     8 |    16 ||    24
       Punch             |     1 |     3 ||     4
 Cast: Beastly Appendage |    17 |    10 ||    27
       Wereblood         |     1 |     3 ||     4
       Spider Form       |       |     2 ||     2
  Use: Potion            |       |     4 ||     4
Armor: Robe              |     6 |    17 ||    23
       Skin              |       |     4 ||     4
Dodge: Dodged            |    36 |   108 ||   144
